Map: Daybreak LE (Void)

Players

Musumeci - Winner!

  • Race: Zerg Zerg
  • League: Diamond
  • Spawn Location: 7:00

LowLife

  • Race: Zerg Zerg
  • League: Diamond
  • Spawn Location: 1:00

VOD

Have the link to the VOD?

Description

Time

  • Played on: Dec. 22, 2016, 5:16 p.m.
  • Length: 4:55
Show
View Real Time Build Order
Export as new Build Order

Musumeci Zerg - Winner!

Build Orders: Hatch First 

Get SALT Encoding   

  12  0:00  Drone  
  13  0:09  Drone  
  14  0:17  Overlord  
  14  0:30  Extractor  
  14  0:31  Drone  
  17  0:35  Drone x2  
  17  0:57  Hatchery  
  16  1:01  Drone, Extractor  
  16  1:14  Evolution Chamber  
  15  1:21  Spawning Pool  
  15  1:25  Drone  
  15  1:30  Drone  
  17  1:52  Drone x3  
  20  2:04  Drone  
  20  2:07  Metabolic Boost  
  21  2:08  Queen  
  21  2:14  Queen  
  25  2:18  Zergling x2  
  26  2:23  Drone  
  26  2:25  Drone  
  28  2:37  Overlord  
  28  2:56  Zergling x2  
  28  2:57  Zergling x8  
  33  3:07  Evolution Chamber  
  32  3:16  Overlord x2  
  32  3:17  Overlord  
  32  3:23  Baneling Nest  
  31  3:33  Overlord  
  31  3:35  Zergling x2  
  31  3:36  Zergling x4  
  34  3:53  Zergling x2  
  34  3:54  Zergling x12  
  41  4:07  Baneling x2  
  38  4:27  Zergling x12  
Show
View Real Time Build Order
Export as new Build Order

LowLife Zerg 

Build Orders: Hatch First 

Get SALT Encoding   

  12  0:01  Drone  
  13  0:12  Overlord  
  13  0:17  Drone  
  14  0:30  Drone x2  
  14  0:34  Drone  
  17  0:52  Hatchery  
  17  0:55  Drone  
  17  1:02  Drone  
  18  1:09  Extractor  
  17  1:15  Spawning Pool  
  16  1:22  Drone x2  
  16  1:23  Extractor  
  18  1:28  Drone  
  19  1:50  Overlord  
  19  1:54  Overlord  
  19  2:02  Queen  
  19  2:03  Zergling x2  
  19  2:04  Zergling x2  
  19  2:05  Queen  
  25  2:13  Drone  
  26  2:17  Drone  
  26  2:22  Drone  
  28  2:24  Metabolic Boost  
  28  2:28  Drone  
  29  2:37  Drone x2  
  31  2:41  Queen  
  33  2:46  Overlord  
  33  2:49  Drone  
  34  2:53  Drone  
  35  3:00  Drone  
  35  3:05  Drone  
  36  3:09  Drone x2  
  36  3:12  Drone x2  
  40  3:14  Zergling x6  
  43  3:22  Baneling Nest  
  43  3:24  Drone x2  
  44  3:27  Overlord  
  44  3:32  Queen  
  46  3:40  Drone x2  
  48  3:43  Lair  
  48  3:54  Zergling x10  
  48  3:55  Zergling x4  
  55  4:00  Zergling x2  
  52  4:15  Drone x5  
  57  4:21  Baneling x4  
  57  4:22  Baneling x2  
  54  4:28  Zergling x4  
  51  4:34  Zergling x2  
  51  4:35  Zergling x6  
Tags
 
Add a new tag
Caveats
  • Supply blocks, unpowered buildings, or Contaminate may cause inaccurate times.
  • Supply counts are checked every 10 seconds.